 Dungeon Crawl Stone Soup version 0.29.1-1-gd02db6906a (webtiles) character file.

Game seed: 456982820567013587

1559 mtoz the Digger (level 8, -16/48 HPs)
             Began as a Gargoyle Earth Elementalist on Oct 7, 2022.
             Killed from afar by a gargoyle (21 damage)
             ... with a stone arrow
             ... on level 7 of the Dungeon.
             The game lasted 00:31:40 (7133 turns).

mtoz the Digger (Gargoyle Earth Elementalist)       Turns: 7133, Time: 00:31:41

Health: -16/48     AC: 12    Str: 11    XL:     8   Next: 89%
Magic:  0/14       EV: 12    Int: 23    God:
Gold:   315        SH:  0    Dex: 10    Spells: 8/16 levels left

rFire   . . .      SeeInvis .   (no weapon)
rCold   . . .      Faith    .   (no shield)
rNeg    + . .      Spirit   +   o - +0 leather armour
rPois   ∞          Reflect  .   b - +0 helmet
rElec   +          Harm     .   n - scarf {+Inv}
rCorr   .          Rampage  .   (no gloves)
Will    .....                   r - +2 pair of boots
Stlth   ++........              g - amulet of guardian spirit
HPRegen 0.16/turn               m - ring of wizardry
MPRegen 0.14/turn               q - +6 ring of intelligence

@: no status effects
A: sickness immunity, AC +5, negative energy resistance 1, electricity
resistance, torment resistance 1, petrification resistance, weak 1
a: Evoke Invisibility


You were on level 7 of the Dungeon.
You visited 1 branch of the dungeon, and saw 7 of its levels.

You collected 315 gold pieces.

Inventory:

Armour
 b - a +0 helmet (worn)
 n - a scarf of invisibility (worn)
 o - a +0 leather armour (worn)
 r - a +2 pair of boots (worn)
 B - a +0 robe of willpower
Jewellery
 g - an amulet of guardian spirit (around neck)
 m - a ring of wizardry (left hand)
 q - a +6 ring of intelligence (right hand)
Wands
 k - a wand of flame (35)
Scrolls
 a - a scroll of poison
 h - a scroll of brand weapon
 j - a scroll of amnesia
 l - a scroll of torment
 u - a scroll of magic mapping
 v - a scroll of blinking {unknown}
 x - a scroll of immolation {unknown}
 z - a scroll of acquirement {unknown}
 C - a scroll of teleportation {unknown}
 D - a scroll of summoning {unknown}
Potions
 c - a potion of attraction
 d - 3 potions of degeneration
 f - a potion of curing
 t - 2 potions of brilliance
 w - a potion of magic


   Skills:
 + Level 3.7 Fighting
 + Level 3.3 Dodging
 + Level 4.7 Stealth
 * Level 4.5 Spellcasting
 + Level 3.6 Conjurations
 + Level 2.9 Transmutations
 + Level 5.6 Earth Magic
 + Level 2.2 Poison Magic
 + Level 2.6 Evocations


You had 8 spell levels left.
You knew the following spells:

 Your Spells              Type           Power      Damage    Failure   Level
a - Sandblast             Erth           62%        2d14      1%          1
b - Passwall              Tmut/Erth      20%        N/A       1%          2
c - Poisonous Vapours     Pois/Air       20%        N/A       5%          2
d - Gell's Gravitas       Tloc           5%         N/A       16%         3

Your spell library contained the following spells:

 Spells                   Type           Power      Damage    Failure   Level
 Beastly Appendage        Tmut           36%        N/A       1%          1
 Wereblood                Tmut           18%        N/A       2%          2
 Stone Arrow              Conj/Erth      52%        3d10      2%          3
 Spider Form              Tmut/Pois      17%        N/A       6%          3
 Petrify                  Tmut/Erth      25%        N/A       9%          4
 Lesser Beckoning         Tloc           5%         N/A       16%         3
 Teleport Other           Tloc           5%         N/A       16%         3
 Corpse Rot               Necr/Pois/Air  8%         N/A       34%         4
 Irradiate                Conj/Tmut      10%        3d15      34%         5
 Dispel Undead            Necr           5%         3d7       45%         4
 Death Channel            Necr           2%         N/A       100%        6
 Sublimation of Blood     Necr           Unusable   N/A       N/A         2

Dungeon Overview and Level Annotations

Branches:
Dungeon (7/15)
 Temple: D:4-7

Altars:
Ashenzari
Elyvilon
Kikubaaqudgha
Okawaru
Xom

Shops:
D:2 ![   D:4 =!(   D:5 [   D:7 [


Innate Abilities, Weirdness & Mutations

You are immune to sickness and miasma.
Your stone body is resilient. (AC +5)
You are immune to poison.
You resist negative energy. (rN+)
You are resistant to electric shocks. (rElec)
You are resistant to unholy torment.
You are immune to petrification.
You are weak. (Str -2)


Message History

Aiming: Sandblast (safe; 1% risk of failure)
Press: ? - help, Q - select action, (/) - cycle Shift-Dir - straight line, f/p - gargoyle
Aim: a gargoyle, wielding a +0 dire flail (moderately damaged, 92% to hit)
The blast of sand hits the gargoyle but does no damage.
The gargoyle is moderately damaged.
The gargoyle closely misses you. x2
Okay, then.
Aiming: Sandblast (safe; 1% risk of failure)
Press: ? - help, Q - select action, (/) - cycle Shift-Dir - straight line, f/p - gargoyle
Aim: a gargoyle, wielding a +0 dire flail (moderately damaged, 92% to hit)
Okay, then.
Aiming: Sandblast (safe; 1% risk of failure)
Press: ? - help, Q - select action, (/) - cycle Shift-Dir - straight line, f/p - gargoyle
Aim: a gargoyle, wielding a +0 dire flail (moderately damaged, 92% to hit)
The blast of sand hits the gargoyle but does no damage.
The gargoyle is moderately damaged.
A water moccasin comes into view.
The gargoyle barely misses you.
Okay, then.
The gargoyle attacks as you move away!
The gargoyle hits you with a +0 dire flail!
You enter the shallow water.
Moving in this stuff is going to be slow.
The water moccasin hisses angrily.
The gargoyle attacks as you move away!
The gargoyle hits you with a +0 dire flail.
* * * LOW HITPOINT WARNING * * *
The gargoyle hurls a stone arrow at you.
The stone arrow hits you!
* * * LOW HITPOINT WARNING * * *
As you read the scroll of fear, it crumbles to dust.
You assume a fearsome visage.
The gargoyle is unaffected.
The water moccasin looks frightened!
The gargoyle hurls a stone arrow at you.
The stone arrow misses you.
As you read the scroll of fog, it crumbles to dust.
The scroll dissolves into smoke.
The gargoyle hurls a stone arrow at you.
The stone arrow hits you!!
You die...

##..##..
######......
####.#........#
###~≈.........###
#..~~~..S.#....$.
##..~~~...##.O..8.
#..#.~~...# ......
#...§§9~..# ...
##..#@§..## ..
##.<§§§..# .
#..÷)..####
###.......##.
#...........
#......#.###
#.....#### ###...#
##...


You could see a water moccasin (fleeing) and a gargoyle.

Vanquished Creatures
  Grinder (D:3)
  A sky beast (D:6)
  2 black bears
  2 ice beasts
  2 ogres
  A bullfrog (D:6)
  A necrophage (D:6)
  A howler monkey (D:7)
  A jelly (D:6)
  2 hounds (D:6)
  6 orc priests
  5 orc wizards (D:6)
  Robin (D:2)
  9 adders
  A shadow imp (D:6)
  A worm (D:3)
  3 dart slugs
  14 orcs
  4 bats
  6 endoplasms
  2 giant cockroaches
  13 goblins
  2 hobgoblins (D:2)
  5 jackals
  7 kobolds
  2 quokkas
  3 ball pythons
  2 frilled lizards
  4 rats
104 creatures vanquished.

Notes
Turn   | Place    | Note
-------+----------+-------------------------------------------
     0 | D:1      | mtoz the Gargoyle Earth Elementalist began the quest for
                  | the Orb.
     0 | D:1      | Reached XP level 1. HP: 10/10 MP: 3/3
    83 | D:1      | Reached XP level 2. HP: 12/15 MP: 0/5
   227 | D:1      | Learned a level 2 spell: Passwall
   340 | D:1      | Reached skill level 1 in Transmutations
   965 | D:2      | Found Enye's Antique Armour Shoppe.
   995 | D:2      | Reached XP level 3. HP: 20/20 MP: 3/6
  1071 | D:2      | Found Ugaczi's Distillery.
  1123 | D:2      | Noticed Robin
  1571 | D:2      | Reached skill level 1 in Fighting
  1770 | D:2      | Killed Robin
  1771 | D:2      | Reached skill level 1 in Conjurations
  1771 | D:2      | Reached skill level 4 in Earth Magic
  1771 | D:2      | Reached XP level 4. HP: 8/25 MP: 3/7
  2377 | D:3      | Found an iron altar of Okawaru.
  2901 | D:3      | Noticed Grinder
  2901 | D:3      | Paralysed by Grinder for 5 turns
  2913 | D:3      | Killed Grinder
  2914 | D:3      | Reached skill level 1 in Evocations
  2914 | D:3      | Reached XP level 5. HP: 22/30 MP: 1/9
  2914 | D:3      | Reached XP level 6. HP: 26/35 MP: 1/10
  3479 | D:4      | Found Neujeluac's Jewellery Shop.
  3683 | D:4      | Found Peciutwa's Distillery.
  3761 | D:4      | Found an ancient bone altar of Kikubaaqudgha.
  3936 | D:4      | Found Yblireg's Antique Weapon Shop.
  4241 | D:4      | Reached XP level 7. HP: 36/40 MP: 8/11
  4440 | D:5      | Entered Level 5 of the Dungeon
  4499 | D:5      | Found Tegat's Antique Armour Boutique.
  4618 | D:5      | Found a broken altar of Ashenzari.
  4674 | D:5      | Learned a level 2 spell: Poisonous Vapours
  4910 | D:5      | Found a white marble altar of Elyvilon.
  5382 | D:5      | Found a shimmering altar of Xom.
  5594 | D:6      | Reached skill level 5 in Earth Magic
  5721 | D:6      | Reached skill level 1 in Poison Magic
  5725 | D:6      | Learned a level 3 spell: Gell's Gravitas
  5952 | D:6      | Reached XP level 8. HP: 46/46 MP: 2/13
  6740 | D:7      | Noticed a gargoyle
  6740 | D:7      | Found Buch's Antique Armour Shop.
  6803 | D:6      | Gained mutation: You are weak. (Str -2) [potion of
                  | mutation]
  7133 | D:7      | Killed from afar by a gargoyle

Illustrated notes

Levels and vault maps discovered:
D:1:      minmay_arrival_stone_box, layout_loops_ring, st_stairs_7
D:2:      layout_loops_ring, serial_shops, shop, shop, kennysheep_donut,
          uniq_robin
D:3:      layout_basic, mainiacjoe_overflow_brackets, uniq_grinder
D:4:      layout_basic, kiku_gazebo_garden_becter, serial_shops,
          nicolae_shop_hallway_plus, kennysheep_little_box,
          nicolae_lakefront_shop
D:5:      layout_loops_corners, xom_teletrap_fun, cheibrodos_ashenzari_chains,
          elyvilon_altar_1, serial_shops, nicolae_shop_overgrown_old_shop
D:6:      layout_rooms
D:7:      layout_cave_pools, minmay_temple_entry_crystal_x, serial_shops, shop,
          serial_column_ruins, column_ruins_hut, column_ruins_grid_1,
          column_ruins_columns_straight, column_ruins_open_small_water,
          column_ruins_open_small, column_ruins_open_tiny, bh_walls_and_bars,
          uniq_duvessa

Skill      XL: |  1  2  3  4  5  6  7  8 |
---------------+-------------------------+-----
Transmutations | 1 2 |  2.9
Fighting       | 1 2 3 |  3.7
Dodging        | 2 3 |  3.3
Conjurations   | 1 2 3 |  3.6
Earth Magic    | 4 5 |  5.6
Stealth        | 3 4 |  4.7
Evocations     | 1 2 |  2.6
Spellcasting   | 3 4 |  4.5
Poison Magic   | 1 2 |  2.2

Action                   |  1- 3 |  4- 6 |  7- 9 || total
-------------------------+-------+-------+-------++-------
Melee: Unarmed           |     4 |       |     1 ||     5
 Cast: Sandblast         |    52 |    68 |    82 ||   202
       Poisonous Vapours |       |       |    24 ||    24
       Gell's Gravitas   |       |       |     9 ||     9
Evoke: Wand              |       |     2 |     7 ||     9
  Use: Scroll            |     2 |     3 |     6 ||    11
       Potion            |     1 |     5 |     3 ||     9
Armor: Robe              |    17 |     1 |       ||    18
       Leather armour    |       |    18 |    28 ||    46
Dodge: Dodged            |    30 |    14 |    23 ||    67
